Map: Shrines of Lizul

Players

Serenity

  • Race: Protoss Protoss
  • League: Diamond

NightDweller

  • Race: Terran Terran
  • League: Platinum

Tenonee - Winner!

  • Race: Zerg Zerg

Krowder - Winner!

  • Race: Zerg Zerg
  • League: Platinum

VOD

Have the link to the VOD?

Description

Time

  • Played on: July 18, 2016, 7:43 a.m.
  • Length: 7:54
Show
View Real Time Build Order
Export as new Build Order

Serenity Protoss 

Build Orders:  

Get SALT Encoding   

  12  0:02  Probe (Chrono Boost)  
  13  0:13  Probe (Chrono Boost)  
  14  0:23  Probe (Chrono Boost), Pylon  
  15  0:36  Assimilator  
  15  0:41  Probe (Chrono Boost)  
  16  0:43  Gateway  
  16  0:45  Gateway  
  16  0:55  Probe (Chrono Boost)  
  17  1:06  Probe (Chrono Boost)  
  18  1:11  Gateway x2  
  18  1:14  Gateway  
  18  1:24  Pylon  
  18  1:36  Cybernetics Core  
  18  1:37  Gateway  
  18  1:40  Probe (Chrono Boost)  
  18  1:44  Pylon  
  18  1:45  Zealot  
  18  1:46  Zealot  
  23  1:51  Probe (Chrono Boost)  
  24  1:58  Zealot  
  24  1:59  Zealot  
  24  2:00  Zealot  
  28  2:04  Warp Gate  
  30  2:14  Adept  
  32  2:16  Adept  
  34  2:25  Stalker x2  
  38  2:30  Pylon  
  38  2:34  Pylon  
  38  2:45  Pylon  
  38  2:48  Stalker  
  40  2:52  Zealot, Stalker  
  40  2:53  Zealot  
  40  2:58  Probe (Chrono Boost)  
  47  2:59  Pylon  
  47  3:09  Stalker  
  47  3:12  Adept  
  51  3:17  Assimilator  
  51  3:35  Pylon  
  51  3:50  Pylon  
  51  4:06  Pylon  
  51  4:08  Pylon  
  51  4:10  Pylon  
  51  4:11  Stalker  
  51  4:12  Stalker, Pylon  
  51  4:14  Stalker  
  51  4:16  Stalker  
  59  4:24  Pylon  
  59  4:36  Zealot  
  59  4:37  Zealot x3  
  44  5:04  Stalker x4  
  44  5:05  Zealot x2  
  48  5:28  Zealot x2  
  44  5:29  Zealot, Stalker x2  
  44  5:30  Stalker  
  48  5:48  Stalker x2  
  52  5:50  Zealot  
  52  5:54  Stalker x3  
  46  6:12  Stalker x2  
  40  6:26  Zealot x4  
  44  6:41  Stalker x2  
  44  6:46  Stalker  
  50  6:47  Stalker x2  
  50  6:48  Zealot  
  56  7:15  Zealot x2  
  60  7:16  Stalker  
  60  7:18  Zealot x3  
Show
View Real Time Build Order
Export as new Build Order

NightDweller Terran 

Build Orders:  

Get SALT Encoding   

  12  0:02  SCV  
  14  0:14  SCV  
  14  0:26  SCV  
  15  0:54  Supply Depot  
  15  1:15  SCV  
  15  1:17  Barracks  
  16  1:25  Supply Depot  
  16  2:05  Refinery  
  16  2:06  Marine  
  17  3:04  Marine  
  18  3:50  Marine  
  19  4:08  Marine  
  20  5:45  Marine  
  21  6:38  Marine  
  22  6:56  Marine  
Show
View Real Time Build Order
Export as new Build Order

Tenonee Zerg - Winner!

Build Orders: Hatch First 

Get SALT Encoding   

  12  0:03  Drone  
  13  0:15  Drone  
  14  0:39  Hatchery  
  13  0:53  Spawning Pool  
  12  0:57  Extractor  
  12  0:59  Drone  
  12  1:04  Drone  
  13  1:13  Overlord  
  13  1:26  Drone  
  14  1:42  Drone x2  
  14  1:43  Queen  
  18  2:01  Roach Warren  
  17  2:04  Drone  
  18  2:16  Queen  
  20  2:25  Metabolic Boost  
  20  2:30  Drone  
  20  2:33  Zergling x2  
  22  2:45  Drone x2  
  24  2:51  Overlord  
  24  3:03  Drone x3  
  27  3:21  Overlord x2  
  27  3:35  Overlord  
  27  3:36  Drone x3  
  27  3:37  Drone x2  
  32  3:52  Roach  
  32  3:53  Roach  
  36  3:58  Roach x2  
  36  4:01  Roach  
  41  4:07  Roach  
  41  4:08  Roach  
  45  4:13  Roach  
  49  4:17  Roach x2  
  49  4:24  Roach  
  43  4:44  Roach  
  43  4:45  Roach x4  
  41  5:03  Drone x2  
  41  5:04  Drone x2  
  43  5:13  Queen  
  31  5:53  Zergling x2  
  31  5:54  Zergling x16  
  35  6:18  Drone  
  35  6:19  Drone x3  
  36  6:29  Roach x4  
  37  6:44  Roach  
  37  6:45  Roach x2  
  37  6:46  Zergling x2  
  37  6:47  Zergling x2  
  44  6:58  Drone x2  
  45  7:12  Zergling x2  
  45  7:13  Zergling x14  
Show
View Real Time Build Order
Export as new Build Order

Krowder Zerg - Winner!

Build Orders: Hatch First 

Get SALT Encoding   

  12  0:01  Drone  
  13  0:08  Drone  
  14  0:17  Overlord  
  14  0:30  Extractor  
  14  0:32  Drone  
  15  0:36  Drone x2  
  17  0:44  Drone  
  18  1:00  Hatchery  
  18  1:03  Drone  
  18  1:06  Extractor  
  18  1:10  Drone  
  18  1:22  Spawning Pool  
  17  1:27  Drone  
  18  1:44  Drone  
  18  1:47  Extractor  
  18  1:48  Drone  
  19  1:58  Extractor  
  19  2:00  Drone  
  19  2:10  Queen  
  19  2:11  Metabolic Boost  
  19  2:12  Queen  
  23  2:18  Drone  
  24  2:24  Drone  
  25  2:34  Drone x2  
  28  2:37  Drone  
  28  2:55  Baneling Nest  
  28  2:56  Zergling x2  
  28  3:11  Hatchery  
  27  3:15  Drone  
  28  3:20  Overlord  
  28  3:25  Overlord  
  28  3:43  Zergling x2  
  28  3:44  Zergling x10  
  34  3:53  Zergling x4  
  34  3:54  Zergling x2  
  37  3:56  Zergling x2  
  37  3:59  Zergling x2  
  39  4:12  Overlord x2  
  39  4:16  Baneling x3  
  39  4:18  Baneling  
  39  4:19  Baneling  
  39  4:23  Baneling x2  
  38  4:29  Zergling x4  
  40  4:36  Zergling x2  
  40  4:37  Zergling x2  
  39  4:58  Zergling x2  
  39  4:59  Zergling x10  
  37  5:10  Zergling x4  
  39  5:21  Baneling x12  
  35  5:31  Zergling x4  
  35  5:32  Zergling x2  
  35  5:34  Zergling x2  
  39  5:43  Lair  
  38  5:53  Zergling x2  
  38  5:54  Zergling x6  
  43  5:57  Zergling x2  
  36  6:06  Zergling x2  
  36  6:07  Zergling x6  
  36  6:12  Zergling x2  
  36  6:13  Zergling x2  
  38  6:19  Zergling x6  
  41  6:26  Zergling x6  
  44  6:35  Zergling x2  
  44  6:36  Zergling x4  
  47  6:42  Baneling  
  47  6:43  Baneling x6  
  47  6:44  Baneling  
  47  6:57  Zergling x2  
  47  6:58  Zergling x8  
  44  7:20  Zergling x2  
  41  7:22  Zergling x2  
  41  7:23  Zergling x12  
  41  7:26  Baneling  
  41  7:27  Baneling x6  
Tags
 
Add a new tag
Caveats
  • Supply blocks, unpowered buildings, or Contaminate may cause inaccurate times.
  • Supply counts are checked every 10 seconds.